A+ CENTRAL
FORT WAYNE TINCAPS @ WISCONSIN TIMBER RATTLERS
08/19/2041
 
TOP OF THE 1ST
Fort Wayne TinCaps batting - Pitching for Wisconsin Timber Rattlers : LHP David Flores
Pitching: LHP David Flores
Batting: RHB Orlando Hernández 0-0: Ball
1-0: Foul Ball, location: 2F
1-1: Swinging Strike
1-2: Ball
2-2: Ball
3-2: Strikes out swinging
Batting: RHB Tony Harris 0-0: Called Strike
0-1: Called Strike
0-2: Ball
1-2: Ball
2-2: Foul Ball, location: 2F
2-2: Foul Ball, location: 3F
2-2: Ball
3-2: Foul Ball, location: 3DF
3-2: Strikes out looking
Batting: RHB Peder Fenger 0-0: Ball
1-0: Ball
2-0: Called Strike
2-1: Called Strike
2-2: Strikes out swinging
Top of the 1st over - 0 runs, 0 hits, 0 errors, 0 left on base; Fort Wayne 0 - Wisconsin 0
BOTTOM OF THE 1ST
Wisconsin Timber Rattlers batting - Pitching for Fort Wayne TinCaps : RHP Pepe Medine
Pitching: RHP Pepe Medine
Batting: LHB Pat Hicks 0-0: Ball
1-0: Called Strike
1-1: SINGLE (Line Drive, 8LS, EV 88.8 MPH)
Batting: RHB Joe Chandler 0-0: Ball
1-0: Ball
2-0: Bunted foul
2-1: Ball
3-1: Called Strike
Pat Hicks steals 2nd base
3-2: Fly out, F7 (Flyball, 78S, EV 95.0 MPH)
Batting: SHB Dylan Miles 0-0: Called Strike
0-1: Ball
1-1: Ball
2-1: Called Strike
Pat Hicks steals 3rd base
2-2: Ball
3-2: DOUBLE (Line Drive, 89D, EV 104.4 MPH)
Pat Hicks scores
Batting: RHB Steve Ervin 0-0: Ground out 5-3 (Groundball, 56, EV 108.1 MPH)
Batting: RHB Dave Smith 0-0: Ball
1-0: SINGLE (Groundball, 56D, EV 100.6 MPH)
Dylan Miles to third
Runner from 3rd tries for Home, SAFE, throw by LF to home
Dave Smith to second
Batting: RHB Steve Ferrell 0-0: Called Strike
0-1: Called Strike
0-2: Ball
1-2: Ball
2-2: Strikes out swinging
Bottom of the 1st over - 2 runs, 3 hits, 0 errors, 1 left on base; Fort Wayne 0 - Wisconsin 2
TOP OF THE 2ND
Fort Wayne TinCaps batting - Pitching for Wisconsin Timber Rattlers : LHP David Flores
Batting: RHB Kuan-tai Xian 0-0: Ball
1-0: Called Strike
1-1: Called Strike
1-2: Strikes out looking
Batting: SHB Bob Weaver 0-0: Foul Ball, location: 5FF
0-1: Ball
1-1: Fly out, F9 (Flyball, 9, EV 85.6 MPH)
Batting: RHB Víctor Árias 0-0: Called Strike
0-1: Ball
1-1: Ball
2-1: Foul Ball, location: 3SF
2-2: Strikes out swinging
Top of the 2nd over - 0 runs, 0 hits, 0 errors, 0 left on base; Fort Wayne 0 - Wisconsin 2
BOTTOM OF THE 2ND
Wisconsin Timber Rattlers batting - Pitching for Fort Wayne TinCaps : RHP Pepe Medine
Batting: RHB Jedd Clayton 0-0: Called Strike
0-1: SINGLE (Groundball, 13, EV 70.0 MPH) (infield hit)
Batting: RHB Dani Montoya 0-0: Grounds into double play, 6-4-3 (Groundball, 6, EV 83.1 MPH)
Batting: RHB Jeremy Taylor 0-0: Foul Ball, location: 3FF
0-1: Called Strike
0-2: Ball
1-2: Foul Ball, location: 3DF
1-2: Strikes out swinging
Bottom of the 2nd over - 0 runs, 1 hit, 0 errors, 0 left on base; Fort Wayne 0 - Wisconsin 2
TOP OF THE 3RD
Fort Wayne TinCaps batting - Pitching for Wisconsin Timber Rattlers : LHP David Flores
Batting: SHB Dave Combs 0-0: Ground out 6-3 (Groundball, 6, EV 96.3 MPH)
Batting: SHB Max Bowers 0-0: Ball
1-0: Ball
2-0: Foul Ball, location: 2F
2-1: Ball
3-1: Called Strike
3-2: Base on Balls
Batting: RHB Joe King 0-0: Called Strike
0-1: Ball
1-1: Ball
2-1: Grounds into double play, 5-4-3 (Groundball, 56, EV 106.3 MPH)
Top of the 3rd over - 0 runs, 0 hits, 0 errors, 0 left on base; Fort Wayne 0 - Wisconsin 2
BOTTOM OF THE 3RD
Wisconsin Timber Rattlers batting - Pitching for Fort Wayne TinCaps : RHP Pepe Medine
Batting: LHB Pat Hicks 0-0: Ball
1-0: Foul Ball, location: 2F
1-1: SINGLE (Line Drive, 7S, EV 94.4 MPH)
Batting: RHB Joe Chandler 0-0: Ball
Pat Hicks steals 2nd base
1-0: Sac Bunt to 23 - play at first, batter OUT! 3-4
Pat Hicks to third
Batting: SHB Dylan Miles 0-0: Called Strike
0-1: Ball
1-1: Ball
2-1: Foul Ball, location: 3F
2-2: Ball
3-2: Base on Balls
Batting: RHB Steve Ervin 0-0: Called Strike
0-1: Ball
1-1: Ball
2-1: Called Strike
2-2: Ball
3-2: Base on Balls
Dylan Miles to second
Batting: RHB Dave Smith 0-0: Called Strike
0-1: Called Strike
0-2: Ball
1-2: Ball
2-2: GRAND SLAM HOME RUN (Flyball, 78XD, EV 100.0 MPH), Distance : 395 ft
Pitching: RHP Jermaine Henderson
Batting: RHB Steve Ferrell 0-0: Ball
1-0: Foul Ball, location: 9LMF
1-1: Foul Ball, location: 2F
1-2: Ball
2-2: Strikes out looking
Batting: RHB Jedd Clayton 0-0: Ball
1-0: Swinging Strike
1-1: Ball
2-1: DOUBLE (Line Drive, 9LD, EV 102.5 MPH)
Batting: RHB Dani Montoya 0-0: Foul Ball, location: 3DF
0-1: Ball
1-1: Swinging Strike
1-2: Ground out 6-3 (Groundball, 6, EV 98.8 MPH)
Bottom of the 3rd over - 4 runs, 3 hits, 0 errors, 1 left on base; Fort Wayne 0 - Wisconsin 6
TOP OF THE 4TH
Fort Wayne TinCaps batting - Pitching for Wisconsin Timber Rattlers : LHP David Flores
Batting: RHB Orlando Hernández 0-0: Ball
1-0: Called Strike
1-1: Fly out, F9 (Flyball, 9S, EV 76.3 MPH)
Batting: RHB Tony Harris 0-0: Ball
1-0: Called Strike
1-1: Called Strike
1-2: Foul Ball, location: 2F
1-2: Ball
2-2: Strikes out looking
Batting: RHB Peder Fenger 0-0: Called Strike
0-1: Fly out, F3 (Line Drive, 3, EV 68.1 MPH)
Top of the 4th over - 0 runs, 0 hits, 0 errors, 0 left on base; Fort Wayne 0 - Wisconsin 6
BOTTOM OF THE 4TH
Wisconsin Timber Rattlers batting - Pitching for Fort Wayne TinCaps : RHP Jermaine Henderson
Batting: RHB Jeremy Taylor 0-0: Ball
1-0: Swinging Strike
1-1: Swinging Strike
1-2: Strikes out swinging
Batting: LHB Pat Hicks 0-0: Hit by Pitch
Batting: RHB Joe Chandler 0-0: Called Strike
0-1: Ball
1-1: Ball
2-1: Ball
Pat Hicks steals 2nd base
3-1: Called Strike
3-2: Ground out 6-3 (Groundball, 6, EV 102.5 MPH)
Batting: SHB Dylan Miles 0-0: Ball
1-0: Swinging Strike
1-1: Called Strike
1-2: Fly out, F4 (Line Drive, 4, EV 65.6 MPH)
Bottom of the 4th over - 0 runs, 0 hits, 0 errors, 1 left on base; Fort Wayne 0 - Wisconsin 6
TOP OF THE 5TH
Fort Wayne TinCaps batting - Pitching for Wisconsin Timber Rattlers : LHP David Flores
Batting: RHB Kuan-tai Xian 0-0: Ball
1-0: Ball
2-0: Ball
3-0: Called Strike
3-1: Foul Ball, location: 3F
3-2: Base on Balls
Batting: SHB Bob Weaver 0-0: Ball
1-0: DOUBLE (Flyball, 8RXD, EV 113.1 MPH)
Kuan-tai Xian to third
Batting: RHB Víctor Árias 0-0: Ball
1-0: Called Strike
1-1: Ball
2-1: DOUBLE (Line Drive, 9LM, EV 90.0 MPH)
Kuan-tai Xian scores
Bob Weaver scores
Batting: SHB Dave Combs 0-0: Ball
1-0: Fly out, F8 (Flyball, 8RD, EV 111.3 MPH)
Batting: SHB Max Bowers 0-0: Foul Ball, location: 3SF
0-1: Foul Ball, location: 2F
0-2: Strikes out swinging
Batting: RHB Joe King 0-0: Swinging Strike
0-1: Foul Ball, location: 2F
0-2: Ball
1-2: Ball
2-2: Fly out, F8 (Flyball, 8LM, EV 87.5 MPH)
Top of the 5th over - 2 runs, 2 hits, 0 errors, 1 left on base; Fort Wayne 2 - Wisconsin 6
BOTTOM OF THE 5TH
Wisconsin Timber Rattlers batting - Pitching for Fort Wayne TinCaps : RHP Jermaine Henderson
Batting: RHB Steve Ervin 0-0: SINGLE (Line Drive, 5D, EV 70.6 MPH)
Batting: RHB Dave Smith 0-0: Foul Ball, location: 5F
0-1: Swinging Strike
0-2: Ball
1-2: Foul Ball, location: 25F
1-2: Strikes out swinging
Batting: RHB Steve Ferrell 0-0: Ball
1-0: Called Strike
1-1: Swinging Strike
1-2: Foul Ball, location: 2F
1-2: Foul Ball, location: 2F
1-2: Ball
2-2: Strikes out looking
Batting: RHB Jedd Clayton 0-0: Ball
1-0: Ball
2-0: Called Strike
2-1: Called Strike
2-2: Strikes out swinging
Bottom of the 5th over - 0 runs, 1 hit, 0 errors, 1 left on base; Fort Wayne 2 - Wisconsin 6
TOP OF THE 6TH
Fort Wayne TinCaps batting - Pitching for Wisconsin Timber Rattlers : LHP David Flores
Batting: RHB Orlando Hernández 0-0: Called Strike
0-1: Ball
1-1: Ball
2-1: SINGLE (Line Drive, 56, EV 108.1 MPH)
Batting: RHB Tony Harris 0-0: Ball
1-0: Foul Ball, location: 2F
1-1: Foul Ball, location: 23FF
1-2: Strikes out swinging
Batting: RHB Peder Fenger 0-0: Ball
1-0: Ball
2-0: Called Strike
2-1: Grounds into double play, 4-6-3 (Groundball, 34, EV 78.1 MPH)
Top of the 6th over - 0 runs, 1 hit, 0 errors, 0 left on base; Fort Wayne 2 - Wisconsin 6
BOTTOM OF THE 6TH
Wisconsin Timber Rattlers batting - Pitching for Fort Wayne TinCaps : RHP Jermaine Henderson
Batting: RHB Dani Montoya 0-0: Called Strike
0-1: Ball
1-1: Ball
2-1: Foul Ball, location: 25F
2-2: Strikes out looking
Batting: RHB Jeremy Taylor 0-0: Ball
1-0: Ball
2-0: Fly out, F7 (Flyball, 78S, EV 97.5 MPH)
Batting: LHB Pat Hicks 0-0: Hit by Pitch
Batting: RHB Joe Chandler 0-0: Ball
Pat Hicks steals 2nd base (no throw)
1-0: Ball
2-0: Called Strike
2-1: Ground out 6-3 (Groundball, 6M, EV 79.4 MPH)
Bottom of the 6th over - 0 runs, 0 hits, 0 errors, 1 left on base; Fort Wayne 2 - Wisconsin 6
TOP OF THE 7TH
Fort Wayne TinCaps batting - Pitching for Wisconsin Timber Rattlers : LHP David Flores
Batting: RHB Kuan-tai Xian 0-0: Called Strike
0-1: Ground out 6-3 (Groundball, 6S, EV 81.3 MPH)
Batting: SHB Bob Weaver 0-0: Ball
1-0: Fly out, F8 (Flyball, 8LD, EV 102.5 MPH)
Batting: RHB Víctor Árias 0-0: Ball
1-0: Ground out 6-3 (Groundball, 56, EV 83.8 MPH)
Top of the 7th over - 0 runs, 0 hits, 0 errors, 0 left on base; Fort Wayne 2 - Wisconsin 6
BOTTOM OF THE 7TH
Wisconsin Timber Rattlers batting - Pitching for Fort Wayne TinCaps : RHP Jermaine Henderson
Batting: SHB Dylan Miles 0-0: Ball
1-0: Called Strike
1-1: Called Strike
1-2: Foul Ball, location: 5F
1-2: Ball
2-2: Ball
3-2: Base on Balls
Pitching: RHP Juan Candelária
Batting: RHB Steve Ervin 0-0: Foul Ball, location: 3F
0-1: Fly out, F7 (Flyball, 78D, EV 91.3 MPH)
Batting: RHB Dave Smith 0-0: Ball
1-0: Swinging Strike
1-1: Swinging Strike
1-2: Ball
2-2: Ball
3-2: Foul Ball, location: 5DF
3-2: Foul Ball, location: 2F
3-2: Fly out, F5 (Flyball, 5D, EV 97.5 MPH)
Batting: RHB Steve Ferrell 0-0: Foul Ball, location: 5F
0-1: Ball
Dylan Miles is caught stealing 2nd base 2-4
Bottom of the 7th over - 0 runs, 0 hits, 0 errors, 0 left on base; Fort Wayne 2 - Wisconsin 6
TOP OF THE 8TH
Fort Wayne TinCaps batting - Pitching for Wisconsin Timber Rattlers : LHP David Flores
Batting: SHB Dave Combs 0-0: Ball
1-0: SINGLE (Line Drive, 7LS, EV 94.4 MPH)
Batting: SHB Max Bowers 0-0: Called Strike
0-1: Called Strike
0-2: Foul Ball, location: 2F
0-2: Foul Ball, location: 5SF
0-2: Strikes out swinging
Batting: RHB Joe King 0-0: Ball
1-0: Ball
2-0: Ball
3-0: Foul Ball, location: 9LMF
3-1: Base on Balls
Dave Combs to second
Pitching: LHP Jeff Matthews
Batting: RHB Orlando Hernández 0-0: Ball
1-0: Foul Ball, location: 5F
1-1: Ball
2-1: Ball
3-1: Foul Ball, location: 2F
3-2: Foul Ball, location: 2F
3-2: DOUBLE (Flyball, 78D, EV 102.5 MPH)
Dave Combs scores
Joe King to third
Pinch Hitting: RHB Raúl García 0-0: Fielders Choice at home, 6-2 (Groundball, 6, EV 79.4 MPH)
Orlando Hernández to third
Batting: RHB Peder Fenger 0-0: Ball
1-0: Foul Ball, location: 5FF
1-1: SINGLE (Groundball, 34D, EV 98.1 MPH)
Orlando Hernández scores
Raúl García to second
Runner from 2nd tries for 3rd, OUT! 9-5
Top of the 8th over - 2 runs, 3 hits, 0 errors, 1 left on base; Fort Wayne 4 - Wisconsin 6
BOTTOM OF THE 8TH
Wisconsin Timber Rattlers batting - Pitching for Fort Wayne TinCaps : RHP Juan Candelária
Now in RF: Raúl García
Batting: RHB Steve Ferrell 0-0: DOUBLE (Line Drive, 78D, EV 103.8 MPH)
Batting: RHB Jedd Clayton 0-0: Ball
Wild Pitch!
Steve Ferrell to third
1-0: Ball
2-0: Ball
3-0: Called Strike
3-1: Swinging Strike
3-2: Foul Ball, location: 3F
3-2: Foul Ball, location: 3F
3-2: Strikes out swinging
Batting: RHB Dani Montoya 0-0: Ball
1-0: Fly out, F7 (Line Drive, 7S, EV 88.8 MPH)
Batting: RHB Jeremy Taylor 0-0: Called Strike
0-1: Foul Ball, location: 9LSF
0-2: Fly out, F8 (Flyball, 8LM, EV 90.0 MPH)
Bottom of the 8th over - 0 runs, 1 hit, 0 errors, 1 left on base; Fort Wayne 4 - Wisconsin 6
TOP OF THE 9TH
Fort Wayne TinCaps batting - Pitching for Wisconsin Timber Rattlers : LHP Jeff Matthews
Pitching: LHP Ken Mullen
Batting: RHB Kuan-tai Xian 0-0: Swinging Strike
0-1: Ball
1-1: Ball
2-1: Fly out, F8 (Flyball, 8RM, EV 90.0 MPH)
Pinch Hitting: RHB Walt Stewart 0-0: Foul Ball, location: 2F
0-1: Ball
1-1: Swinging Strike
1-2: Strikes out swinging
Batting: RHB Víctor Árias 0-0: Swinging Strike
0-1: Ground out 5-3 (Groundball, 56S, EV 86.3 MPH)
Top of the 9th over - 0 runs, 0 hits, 0 errors, 0 left on base; Fort Wayne 4 - Wisconsin 6
Monday, April 1st , 2024 - OOTP Baseball 24.10 Build 82